 Dungeon Crawl Stone Soup version 0.28.0-43-g3370ac3207 (webtiles) character file.

Game seed: 11285803835976647812

146 pkoi the Conjurer (level 5, -9/28 HPs)
             Began as a Deep Elf Conjurer on Mar 20, 2022.
             Was an Initiate of Sif Muna.
             Killed from afar by an electric eel (17 damage)
             ... with a bolt of electricity
             ... on level 3 of the Dungeon.
             The game lasted 00:02:51 (2741 turns).

pkoi the Conjurer (Deep Elf Conjurer)               Turns: 2741, Time: 00:02:51

Health: -9/28      AC:  5    Str:  3    XL:     5   Next: 7%
Magic:  12/12      EV: 12    Int: 24    God:    Sif Muna [......]
Gold:   152        SH:  0    Dex: 14    Spells: 3/10 levels left

rFire   . . .      SeeInvis .   j - +0 short sword (speed)
rCold   . . .      Faith    .   (no shield)
rNeg    + . .      Spirit   .   a - +0 robe
rPois   +          Reflect  .   (no helmet)
rElec   .          Harm     .   k - +2 ratskin cloak {*Rats rPois rN+ Str-1 Int-1 Dex+1}
rCorr   .          Rampage  .   (no gloves)
Will    .....                   (no boots)
Stlth   ++........              m - amulet of magic regeneration
HPRegen 0.09/turn               (no ring)
MPRegen 0.53/turn               (no ring)

@: no status effects
A: no striking features
a: Renounce Religion


You were on level 3 of the Dungeon.
You worshipped Sif Muna.
Sif Muna was noncommittal.
You visited 1 branch of the dungeon, and saw 3 of its levels.

You collected 152 gold pieces.

Inventory:

Hand Weapons
 b - a +0 club
 c - a +0 short sword
 j - a +0 short sword of speed (weapon)
Armour
 a - a +0 robe (worn)
 k - the +2 ratskin cloak (worn) {*Rats rPois rN+ Str-1 Int-1 Dex+1}
   (You found it on level 2 of the Dungeon)

   When the wearer is hurt, rats may emerge from it to assist them.
   Str:       It affects your strength (-1).
   Int:       It affects your intelligence (-1).
   Dex:       It affects your dexterity (+1).
   rPois:     It protects you from poison.
   rN:        It protects you from negative energy.
Jewellery
 m - an amulet of magic regeneration (around neck)
Wands
 g - a wand of flame (9)
Scrolls
 f - a scroll of fog
Potions
 d - 4 potions of heal wounds {unknown}
 e - a potion of lignification {unknown}
 h - 2 potions of mutation {unknown}
 l - a potion of might {unknown}


   Skills:
 - Level 2.4 Dodging
 - Level 2.4 Stealth
 + Level 3.4 Spellcasting
 * Level 6.6 Conjurations
 * Level 1.6 Translocations


You had 3 spell levels left.
You knew the following spells:

 Your Spells              Type           Power      Damage    Failure   Level
a - Magic Dart            Conj           100%       1d8       1%          1
b - Searing Ray           Conj           70%        2d7       1%          2
c - Iskenderun's Mystic   Conj/Tloc      23%        2d6       19%         4

Your spell library contained the following spells:

 Spells                   Type           Power      Damage    Failure   Level
 Dazzling Flash           Conj/Hex       38%        N/A       9%          3
 Sublimation of Blood     Necr           4%         N/A       16%         2
 Wereblood                Tmut           4%         N/A       16%         2
 Fulminant Prism          Conj/Hex       9%         3d7       26%         4
 Summon Hydra             Summ           2%         N/A       100%        7


Dungeon Overview and Level Annotations

Branches:
Dungeon (3/15)

Altars:
Sif Muna
Uskayaw
Beogh

Annotations:
D:3 1 transporter


Message History

The magic dart hits the ball python.
You kill the ball python!
Sif Muna accepts your kill.
You can't see any susceptible monsters within range! (Use Z to cast anyway.)
You can't see any susceptible monsters within range! (Use Z to cast anyway.)
Found a transporter.
An endoplasm comes into view.
An endoplasm is nearby!
You aren't carrying any items that you can evoke.
Unknown command.
Okay, then.
You can't go down here!
Unknown command.
There is a transporter here.
You enter the transporter and appear at another place.
Unknown command.
g - a wand of flame (10)
You open the door.
The electric eel shoots out a bolt of lightning at you!
The bolt of electricity misses you. The bolt of electricity hits you!
* * * LOW HITPOINT WARNING * * *
A river rat scurries out from under your cloak.
Unknown command.
Aiming: Throw Flame
Press: ? - help, Shift-Dir - straight line, f - electric eel
Aim: an electric eel (ally target, 48% to hit)
The puff of flame hits the electric eel.
The electric eel is moderately wounded.
The electric eel is engulfed in a cloud of scalding steam.
Unknown command.
Unknown command.
The electric eel is engulfed in a cloud of scalding steam.
The electric eel shoots out a bolt of lightning at you!
The bolt of electricity hits your river rat!
Your river rat dies!
The bolt of electricity hits you!
* * * LOW HITPOINT WARNING * * *
The bolt of electricity hits you!
Ouch! That really hurt!
You die...

#.## ##.########### #.#
#...........## ######.##
##.######.....#.
#.......###.†.............
#.####..................#.
#.#. #.###############.##
#.#. ##.#8P#SS≈≈≈≈≈#P8#.#
#.#.###..#..#.......#..#....
#....#..©#©@'...⌠...+?©#©...
#........#..#.:.....#..#..##
##...###.#8P#S≈≈≈≈≈≈#P8#.##
#...# #.###############.#
###...###...........
#.......##..########
#...........# #.......##..#
###...####..#


You could see 3 electric eels.

Vanquished Creatures
  2 orc priests (D:3)
  2 adders
  2 worms (D:2)
  2 dart slugs
  10 orcs (D:3)
  5 endoplasms
  2 giant cockroaches
  2 goblins
  4 hobgoblins
  5 kobolds
  2 quokkas (D:1)
  4 ball pythons
  A bat (D:1)
  4 frilled lizards
  5 rats
52 creatures vanquished.

Vanquished Creatures (others)
  9 plants (D:3)
9 creatures vanquished.

Grand Total: 61 creatures vanquished

Notes
Turn   | Place    | Note
-------+----------+-------------------------------------------
     0 | D:1      | pkoi the Deep Elf Conjurer began the quest for the Orb.
     0 | D:1      | Reached XP level 1. HP: 10/10 MP: 6/6
   147 | D:1      | Found a faded altar of an unknown god.
   280 | D:1      | Reached XP level 2. HP: 15/15 MP: 5/8
   378 | D:1      | Reached skill level 5 in Conjurations
   650 | D:1      | Learned a level 2 spell: Searing Ray
  1349 | D:2      | Reached XP level 3. HP: 19/19 MP: 4/9
  1964 | D:2      | Found a shimmering blue altar of Sif Muna.
  1967 | D:2      | Found the +2 ratskin cloak {*Rats rPois rN+ Str-1 Int-1
                  | Dex+1}
  1982 | D:2      | Became a worshipper of Sif Muna the Loreminder
  2093 | D:3      | Reached skill level 6 in Conjurations
  2248 | D:3      | Reached XP level 4. HP: 24/24 MP: 6/10
  2261 | D:3      | Found a hide-covered altar of Uskayaw.
  2497 | D:3      | Learned a level 4 spell: Iskenderun's Mystic Blast
  2563 | D:3      | Reached skill level 1 in Translocations
  2565 | D:3      | Reached XP level 5. HP: 28/28 MP: 5/12
  2669 | D:3      | Found a transporter.
  2711 | D:3      | Found a transporter.
  2741 | D:3      | Killed from afar by an electric eel

Illustrated notes

Levels and vault maps discovered:
D:1:      dpeg_arrival_round_b, layout_loops_cross,
          hellmonk_ecumenical_altar_crossroads
D:2:      layout_loops_cross, basic_altar, minmay_misc_feat_encased,
          kennysheep_another_room, grunt_ministairs_11
D:3:      gammafunk_steamed_eel, layout_loops_ring,
          mainiacjoe_overflow_chevrons, minivault_24, kennysheep_orc_chapel

Skill      XL: |  1  2  3  4 |
---------------+-------------+-----
Conjurations   | 5 6 |  6.6
Translocations | 1 |  1.6
Dodging        | |  2.4
Stealth        | |  2.4
Spellcasting   | |  3.4

Action                   |  1- 3 |  4- 6 || total
-------------------------+-------+-------++-------
Melee: Short sword       |     4 |       ||     4
       Punch             |     1 |       ||     1
 Cast: Magic Dart        |    70 |    16 ||    86
       Searing Ray       |     1 |     2 ||     3
Evoke: Wand              |       |     1 ||     1
  Use: Scroll            |       |     2 ||     2
Armor: Robe              |     2 |     2 ||     4
Dodge: Dodged            |    11 |     1 ||    12
